 Dungeon Crawl Stone Soup version 0.27-a0-1342-ga99462a43c (webtiles) character file.

Game seed: 8031758230613518233

260841 GordonOverkill the Warrior (level 19, -4/159 HPs)
             Began as a Demonspawn Arcane Marksman on June 27, 2021.
             Was the Champion of Ru.
             Slain by an ironbound preserver (15 damage)
             ... on level 2 of the Vaults.
             The game lasted 01:51:23 (39417 turns).

GordonOverkill the Warrior (DsAM)                  Turns: 39417, Time: 01:51:23

Health: -4/159     AC: 12    Str: 25    XL:     19   Next: 18%
Magic:  0/38       EV: 11    Int: 21    God:    Ru [******]
Gold:   3180       SH: 16    Dex: 18    Spells: 42/42 levels left

rFire    + . .     SeeInvis +   T - +4 long sword "Wyth" {flame, *Corrode rN+++ Will++}
rCold    + + .     Faith    .   z - +1 kite shield {rC+ rF+}
rNeg     + + +     Spirit   +   L - +3 chain mail of Japhigy {Int+3 Dex+2}
rPois    .         Reflect  .   (helmet unavailable)
rElec    .         Harm     .   Q - +0 cloak
rCorr    .         Rampage  .   H - +0 pair of gloves
Will     +++..                  D - +1 pair of boots
Stlth    ..........             e - amulet of regeneration
HPRegen  1.36/turn              m - +4 ring of slaying
MPRegen  0.52/turn              d - ring of Nairie {rC+ Will+ Str+6 Dex+4 SInv}

@: corroded, unable to read
A: horns 3, slimy green scales 2, clumsy 1, ignite blood 2, screaming 1, magic
shield, magic regeneration, magic link, inability to read while threatened, no
stealth, hated by all, no conjurations magic, no ice magic, no transmutations
magic, weak-willed 1, clever 1, high mp 1, strong 1
}: 2/15 runes: decaying, gossamer
a: Renounce Religion, Draw Out Power, Power Leap, Apocalypse


You were on level 2 of the Vaults.
You worshipped Ru.
Ru was exalted by your worship.
You visited 6 branches of the dungeon, and saw 33 of its levels.

You collected 3884 gold pieces.
You spent 704 gold pieces at shops.

Inventory:

Hand Weapons
 a - the +3 hand crossbow of Zujiun {flame, rElec rPois Stlth+}
   (You found it on level 11 of the Dungeon)

   It causes projectiles fired from it to burn those they strike, causing extra
   injury to most foes and up to half again as much damage against particularly
   susceptible opponents.
   It insulates you from electricity.
   It protects you from poison.
   It makes you more stealthy.
 b - the +3 long sword "Systratye" {antimagic, rElec Will+ Int+4}
   (You found it on level 8 of the Dungeon)

   It reduces the magical energy of the wielder, and disrupts the spells and
   magical abilities of those hit.
   Natural abilities and divine invocations are not affected.
   It affects your intelligence (+4).
   It insulates you from electricity.
   It increases your willpower.
 w - a +3 hand crossbow of venom
 T - the +4 long sword "Wyth" (weapon) {flame, *Corrode rN+++ Will++}
   (You found it on level 1 of the Swamp)

   It has been specially enchanted to burn those struck by it, causing extra
   injury to most foes and up to half again as much damage against particularly
   susceptible opponents.
   Big, fiery blades are also staple armaments of hydra-hunters.
   It renders you almost immune to negative energy.
   It may corrode you when you take damage.
   It greatly increases your willpower.
Missiles
 c - 530 bolts
 r - 2 throwing nets (quivered)
 X - 3 curare-tipped darts
Armour
 z - a +1 kite shield of resistance (worn)
 C - a +2 tower shield of protection
 D - a +1 pair of boots (worn)
 H - a +0 pair of gloves (worn)
 L - the +3 chain mail of Japhigy (worn) {Int+3 Dex+2}
   (You found it on level 7 of the Dungeon)

   It affects your intelligence (+3).
   It affects your dexterity (+2).
 Q - a +0 cloak (worn)
Jewellery
 d - the ring of Nairie (right hand) {rC+ Will+ Str+6 Dex+4 SInv}
   (You acquired it on level 6 of the Lair of Beasts)

   [ring of strength]

   It affects your strength (+6).
   It affects your dexterity (+4).
   It protects you from cold.
   It lets you see invisible.
   It increases your willpower.
 e - an amulet of regeneration (around neck)
 f - a ring of protection from fire
 l - a ring of protection from fire
 m - a +4 ring of slaying (left hand)
 u - a ring of poison resistance
 G - a +6 ring of strength
 O - a ring of protection from fire
Wands
 y - a wand of acid (15)
 A - a wand of mindburst (19)
 I - a wand of paralysis (23)
 Y - a wand of polymorph (20)
 Z - a wand of iceblast (24)
Scrolls
 g - 13 scrolls of identify
 h - 3 scrolls of magic mapping
 j - 2 scrolls of fear
 k - a scroll of enchant armour
 q - 3 scrolls of brand weapon
 s - 12 scrolls of teleportation
 t - a scroll of silence
 x - 4 scrolls of fog
 E - 6 scrolls of amnesia
 J - 6 scrolls of blinking
 K - 6 scrolls of immolation
Potions
 i - 4 potions of haste
 n - 10 potions of lignification
 o - 4 potions of berserk rage
 p - 3 potions of flight
 v - a potion of magic
 B - 2 potions of resistance
 F - 11 potions of curing
 N - 4 potions of ambrosia
 R - 2 potions of cancellation
 S - 3 potions of heal wounds
 U - 3 potions of invisibility
 V - 3 potions of might
 W - a potion of mutation
Miscellaneous
 M - a tin of tremorstones (2/2)


   Skills:
 + Level 16.7 Fighting
 - Level 4.0(11.3) Short Blades
 - Level 15.8(16.0) Long Blades
 - Level 12.0 Crossbows
 - Level 6.0 Armour
 - Level 6.0 Dodging
 - Level 15.0 Shields
 - Level 12.0 Spellcasting
 - Level 3.0 Hexes
 - Level 6.0 Evocations


You had 42 spell levels left.
You didn't know any spells.
Your spell library contained the following spells:

 Spells                   Type           Power      Damage    Failure   Level
 Corona                   Hex            27%        N/A       9%          1
 Slow                     Hex            25%        N/A       14%         2
 Confusing Touch          Hex            25%        N/A       26%         3
 Pain                     Necr           48%        1d6       30%         1
 Sandblast                Erth           24%        2d8       30%         1
 Poisonous Vapours        Pois/Air       24%        N/A       43%         2
 Inner Flame              Hex/Fire       18%        N/A       45%         3
 Portal Projectile        Hex/Tloc       36%        N/A       45%         3
 Cause Fear               Hex            12%        N/A       65%         4
 Gell's Gravitas          Tloc           6%         N/A       67%         3
 Vampiric Draining        Necr           6%         2d6       67%         3
 Leda's Liquefaction      Hex/Erth       9%         N/A       86%         4
 Olgreb's Toxic Radiance  Pois           12%        N/A       97%         4
 Silence                  Hex/Air        9%         N/A       99%         5
 Agony                    Necr           12%        N/A       100%        5
 Discord                  Hex            12%        N/A       100%        8
 Ignition                 Fire           6%         3d4       100%        8
 Shatter                  Erth           6%         3d9*      100%        9
 Ensorcelled Hibernation  Hex/Ice        Unusable   N/A       N/A         2
 Tukima's Dance           Hex            Unusable   N/A       N/A         3
 Animate Skeleton         Necr           Unusable   N/A       N/A         1
 Beastly Appendage        Tmut           Unusable   N/A       N/A         1
 Freeze                   Ice            Unusable   1d7       N/A         1
 Sting                    Tmut/Pois      Unusable   1d5       N/A         1
 Summon Small Mammal      Summ           Unusable   N/A       N/A         1
 Call Imp                 Summ           Unusable   N/A       N/A         2
 Static Discharge         Conj/Air       Unusable   N/A       N/A         2
 Wereblood                Tmut           Unusable   N/A       N/A         2
 Dazzling Flash           Conj/Hex       Unusable   N/A       N/A         3
 Summon Guardian Golem    Hex/Summ       Unusable   N/A       N/A         3
 Call Canine Familiar     Summ           Unusable   N/A       N/A         3
 Frozen Ramparts          Ice            Unusable   1d4       N/A         3
 Ignite Poison            Fire/Tmut/Pois Unusable   N/A       N/A         3
 Mephitic Cloud           Conj/Pois/Air  Unusable   N/A       N/A         3
 Ozocubu's Armour         Ice            Unusable   N/A       N/A         3
 Spider Form              Tmut/Pois      Unusable   N/A       N/A         3
 Animate Armour           Summ/Erth      Unusable   N/A       N/A         4
 Animate Dead             Necr           Unusable   N/A       N/A         4
 Hailstorm                Conj/Ice       Unusable   3d5       N/A         4
 Ice Form                 Ice/Tmut       Unusable   N/A       N/A         4
 Petrify                  Tmut/Erth      Unusable   N/A       N/A         4
 Summon Ice Beast         Ice/Summ       Unusable   N/A       N/A         4
 Summon Lightning Spire   Summ/Air       Unusable   N/A       N/A         4
 Metabolic Englaciation   Hex/Ice        Unusable   N/A       N/A         5
 Summon Mana Viper        Hex/Summ       Unusable   N/A       N/A         5
 Yara's Violent Unravell  Hex/Tmut       Unusable   3d6       N/A         5
 Bolt of Magma            Conj/Fire/Erth Unusable   4d6       N/A         5
 Iskenderun's Battlesphe  Conj           Unusable   2d7       N/A         5
 Lightning Bolt           Conj/Air       Unusable   1d18      N/A         5
 Summon Forest            Summ/Tloc      Unusable   N/A       N/A         5
 Iron Shot                Conj/Erth      Unusable   9d2       N/A         6
 Shadow Creatures         Summ           Unusable   N/A       N/A         6
 Statue Form              Tmut/Erth      Unusable   N/A       N/A         6
 Orb of Destruction       Conj           Unusable   9d3       N/A         7
 Spellforged Servitor     Conj/Summ      Unusable   N/A       N/A         7
 Summon Hydra             Summ           Unusable   N/A       N/A         7
 Polar Vortex             Ice            Unusable   N/A       N/A         9

Dungeon Overview and Level Annotations

Branches:
Dungeon (15/15)            Temple (0/1) D:6            Lair (6/6) D:9
  Swamp (4/4) Lair:2       Spider (4/4) Lair:2        Slime (0/5) Lair:5
    Orc (2/2) D:10            Elf (0/3) Orc:2        Vaults (2/5) D:13
 Depths (0/5) D:15
  Crypt: Vaults:2-3

Altars:
Ashenzari
Cheibriados
Dithmenos
Fedhas
Kikubaaqudgha
Ru
Trog
Uskayaw
Xom
Beogh
Jiyva

Shops:
D:9 *   D:10 !   Orc:2 :(?=*   Vaults:1 (

Portals:
Pandemonium: Orc:2

Annotations:
D:6 2 transporters, EnegeticOcto's ghost, novice DgTm
D:14 1 runed translucent door
Swamp:2 3 runed translucent doors, Esiutuon's ghost, adept DECj


Innate Abilities, Weirdness & Mutations

You have a pair of large horns on your head.
You are mostly covered in slimy green scales. (AC +3)
You are clumsy. (Dex -2)
Your demonic aura often causes spilled blood to erupt in flames.
You occasionally shout uncontrollably at your foes.
When hurt, damage is shared between your health and your magic reserves.
You regenerate magic rapidly.
When low on magic, you restore magic in place of health.
You sometimes lose the ability to read scrolls when taking damage.
You cannot be stealthy.
You are hated by all.
You cannot study or cast Conjurations magic.
You cannot study or cast Ice magic.
You cannot study or cast Transmutations magic.
You are slightly weak-willed. (Will-)
Your mind is acute. (Int +2)
You have an increased reservoir of magic. (+10% MP)
Your muscles are strong. (Str +2)


Message History

You focus your inner power and illuminate the deep troll in retribution!
The deep troll claws you!
* * * LOW HITPOINT WARNING * * *
You block the deep troll's attack.
The deep troll is engulfed in blazing flames.
The ironbound preserver is engulfed in blazing flames.
You redirect the ironbound preserver's attack!
The ironbound preserver hits the deep troll with a +0 great mace!!!
You barely miss the deep troll.
The deep troll is moderately wounded.
A yaktaur comes into view. It is wielding a +0 hand axe.
The yaktaur is stunned by your conviction and fails to attack.
The deep troll is engulfed in blazing flames.
The deep troll bites you!
* * * LOW HITPOINT WARNING * * *
You block the deep troll's attack. The deep troll claws you.
* * * LOW HITPOINT WARNING * * *
The deep troll is engulfed in blazing flames.
The deep troll bites you!!
* * * LOW HITPOINT WARNING * * *
You block the deep troll's attack.
The deep troll claws you but does no damage.
The deep troll is engulfed in blazing flames.
The deep troll bites you!!
* * * LOW HITPOINT WARNING * * *
The deep troll claws you.
* * * LOW HITPOINT WARNING * * *
The deep troll completely misses you.
You hit the deep troll. You burn the deep troll. You headbutt the deep troll.
The deep troll is moderately wounded.
The deep troll bites you!
* * * LOW HITPOINT WARNING * * *
The deep troll claws you.
* * * LOW HITPOINT WARNING * * *
The deep troll closely misses you.
The deep troll is engulfed in blazing flames.
You kill the deep troll!
The ironbound preserver is engulfed in blazing flames.
The ironbound preserver hits you with a +0 great mace!!
You die...

#........#...#..#
#........#......#
#........#......#
#........#...#..#
...#........#...#..#####
...'........#......'....
...##'#'###'########....
...#TT.#... #.... #.
#@T.#.<.# #....
#...Tp☼.#...# ###..
#####☼..# ..# ###'##
....# #..##+ .c..'
#....# .....#. #...(.
##c###.. #..... c.. ..
#..... #.....


You could see an ironbound preserver, 4 deep trolls and 3 yaktaurs.

Vanquished Creatures
  Bai Suzhen (Spider:3)
  A bone dragon (Swamp:4)
  Jorgrun (Orc:1)
  The ghost of kuniqs the Thaumaturge, an adept DsCj of Vehumet (Swamp:3)
  Gastronok (Orc:1)
  3 thorn hunters (Swamp:3)
  2 fenstrider witches
  A ghost moth (Spider:4)
  4 vault wardens (Vaults:1)
  6 emperor scorpions
  Louise (D:15)
  7 ironbound preservers
  2 very ugly things (Vaults:1)
  Nessos (Orc:2)
  A dire elephant (Lair:6)
  An entropy weaver (Spider:4)
  7 bunyips
  4 eleionomae
  An ettin (Orc:2)
  A shambling mangrove (Swamp:3)
  A great orb of eyes (Vaults:1)
  2 slime creatures (Vaults:1)
  3 yaktaur captains
  2 vault guards (Vaults:1)
  16 hydras
  An ironbound thunderhulk (Vaults:1)
  A peacekeeper (Vaults:1)
  5 boulder beetles
  9 centaur warriors
  5 ironbound frosthearts
  3 two-headed ogres
  9 alligators
  A ghost crab (Swamp:4)
  5 death yaks (Lair:6)
  2 tengu warriors
  A vampire mage (D:15)
  3 deep troll earth magi (Vaults:1)
  4 ironbound beastmasters
  8 orc high priests (Orc:2)
  5 goliath frogs
  10 skeletal warriors
  21 deep trolls
  2 death drakes (Swamp:3)
  9 lindwurms
  2 spriggan druids (Swamp:3)
  6 spectral hydras
  14 bog bodies
  7 wizards
  2 phantasmal warriors
  An infernal demonspawn (Orc:2)
  2 swamp dragons (Swamp:3)
  5 goliath frog zombies (Swamp:3)
  A gelid demonspawn (Orc:2)
  5 orc knights (Orc:2)
  2 necromancers
  An ironbound convoker (Vaults:1)
  An orange crystal statue (D:14)
  A stone giant zombie (D:15)
  12 wolf spiders
  4 deep elf pyromancers
  24 ugly things
  20 orb spiders
  3 manticores
  5 orc sorcerers (Orc:2)
  2 moths of wrath
  A large abomination (Swamp:3)
  An oklob plant (Swamp:4)
  11 elephants
  4 cyclopes
  A frost giant skeleton (D:15)
  3 spriggan zombies
  6 will-o-the-wisps
  7 black mambas
  3 orange demons (Orc:2)
  6 vault sentinels
  4 torpor snails
  A gargoyle (D:12)
  8 cane toads
  7 swamp worm zombies
  9 rime drakes
  An unseen horror (D:12)
  11 demonic crawlers
  11 komodo dragons
  14 yaktaurs
  3 kobold demonologists
  A freezing wraith (Swamp:3)
  3 hydra zombies (Swamp:4)
  An ice devil (Orc:2)
  2 tengu conjurers
  10 trolls
  29 jumping spiders
  4 tyrant leeches
  Prince Ribbit (D:6)
  15 hornets
  24 blink frogs
  5 polar bears
  A wolf spider simulacrum (D:14)
  5 dream sheep (Lair:6)
  6 alligator zombies
  A fire dragon zombie (D:15)
  3 shadows
  5 spectral swamp dragons
  68 redbacks
  17 spriggans
  2 wyverns
  2 centaur simulacra
  A vampire (D:12)
  23 tarantellas
  5 wraiths
  45 yaks
  3 basilisks
  4 tyrant leech zombies (Swamp:3)
  14 vampire mosquitoes
  4 wargs
  12 swamp worms
  13 water moccasins
  Duvessa (D:7)
  35 orc warriors
  3 sky beasts
  A swamp drake (Swamp:1)
  4 swamp dragon zombies (Swamp:4)
  7 black bears
  2 ice beasts
  3 necrophages
  24 wolves
  9 boggarts
  6 ogres
  7 centaurs
  8 phantoms
  3 kobold brigands
  14 bullfrogs
  2 gnoll sergeants
  A water moccasin zombie (D:7)
  A wyvern zombie (D:5)
  3 scorpions
  Dowan (D:7)
  5 killer bees (D:10)
  3 howler monkeys (D:12)
  6 electric eels
  3 bullfrog skeletons
  3 centaur zombies
  3 jellies
  A gnoll shaman (D:5)
  34 orc priests
  2 iguanas (D:5)
  21 orc wizards
  A spectral swamp drake (Swamp:4)
  A hound skeleton (D:5)
  A howler monkey zombie (D:8)
  16 gnolls
  A swamp drake zombie (Swamp:4)
  8 adders
  A shadow imp (D:6)
  2 white imps
  An adder skeleton (D:4)
  2 worms (D:3)
  6 dart slugs
  93 orcs
  6 ball pythons
  6 bats
  5 endoplasms
  13 giant cockroaches
  9 goblins
  8 hobgoblins
  10 jackals
  5 quokkas
  A frilled lizard (D:1)
  14 kobolds
  5 rats
  A butterfly (Lair:5)
1168 creatures vanquished.

Vanquished Creatures (others)
  A vault warden (Vaults:1)
  An emperor scorpion (Spider:4)
  A boulder beetle (Spider:2)
  An alligator (Swamp:3)
  A spectral hydra (Swamp:4)
  A swamp dragon (Swamp:3)
  A bog body (Swamp:3)
  A lindwurm (Vaults:1)
  A harpy (Vaults:1)
  A wizard (Vaults:1)
  A wolf spider (Spider:4)
  A goliath frog zombie (Swamp:3)
  A will-o-the-wisp (Swamp:4)
  A cyclops (D:12)
  5 bloated husks
  3 jumping spiders
  A tyrant leech (Spider:3)
  A slime creature (Vaults:1)
  4 redbacks
  3 tarantellas
  A swamp worm (Swamp:2)
  A water moccasin (Lair:1)
  An ogre (Orc:2)
  2 bullfrogs
  A centaur zombie (D:9)
  An orc priest (Orc:2)
  A gnoll (Orc:2)
  2 orcs
  A giant cockroach (D:2)
  A kobold (D:10)
  A briar patch (Swamp:4)
  39 foxfires
  61 fungi
  71 plants
  8 withered plants
223 creatures vanquished.

Grand Total: 1391 creatures vanquished

Notes
Turn   | Place    | Note
-------+----------+-------------------------------------------
     0 | D:1      | GordonOverkill the Demonspawn Arcane Marksman began the
                  | quest for the Orb.
     0 | D:1      | Reached XP level 1. HP: 15/15 MP: 2/2
   418 | D:1      | Gained mutation: You regenerate magic rapidly. [demonic
                  | ancestry]
   418 | D:1      | Reached XP level 2. HP: 21/21 MP: 3/3
   524 | D:1      | Found a faded altar of an unknown god.
   534 | D:1      | Became a worshipper of Ru the Awakened
   541 | D:1      | Gained mutation: You sometimes lose the ability to read
                  | scrolls when taking damage. [Ru sacrifice]
   541 | D:1      | Reached * piety under Ru
   906 | D:1      | Reached XP level 3. HP: 25/26 MP: 4/4
  1893 | D:2      | Gained mutation: When hurt, damage is shared between your
                  | health and your magic reserves. [demonic ancestry]
  1893 | D:2      | Reached XP level 4. HP: 32/32 MP: 5/5
  2132 | D:2      | Reached skill level 1 in Short Blades
  2625 | D:3      | Noticed a scorpion
  2634 | D:2      | Killed a scorpion
  2635 | D:2      | Reached skill level 2 in Fighting
  2635 | D:2      | Gained mutation: You are partially covered in slimy green
                  | scales. (AC +2) [demonic ancestry]
  2635 | D:2      | Reached XP level 5. HP: 38/38 MP: 6/6
  2668 | D:3      | Noticed a necrophage
  2678 | D:3      | Killed a necrophage
  2711 | D:3      | Gained mutation: When low on magic, you restore magic in
                  | place of health. [demonic ancestry]
  2711 | D:3      | Reached XP level 6. HP: 28/46 MP: 7/7
  3128 | D:3      | Gained mutation: You cannot study or cast Ice magic. [Ru
                  | sacrifice]
  3128 | D:3      | Gained mutation: You cannot study or cast Transmutations
                  | magic. [Ru sacrifice]
  3128 | D:3      | Gained mutation: You cannot study or cast Conjurations
                  | magic. [Ru sacrifice]
  3128 | D:3      | Reached ** piety under Ru
  3529 | D:3      | Reached skill level 3 in Fighting
  3747 | D:4      | Found a large runed translucent door.
  3755 | D:4      | Found a large runed translucent door.
  3755 | D:4      | Found a shimmering altar of Xom.
  3855 | D:4      | Reached skill level 5 in Crossbows
  4734 | D:5      | Entered Level 5 of the Dungeon
  4794 | D:5      | Reached XP level 7. HP: 50/52 MP: 8/8
  4802 | D:5      | Reached skill level 1 in Shields
  4990 | D:5      | Found a shadowy altar of Dithmenos.
  5275 | D:5      | Reached skill level 4 in Fighting
  5389 | D:5      | Gained mutation: You are hated by all. [Ru sacrifice]
  5389 | D:5      | Reached *** piety under Ru
  5389 | D:5      | Reached **** piety under Ru
  5776 | D:6      | Noticed Prince Ribbit
  5802 | D:6      | Killed Prince Ribbit
  5803 | D:6      | Reached XP level 8. HP: 61/61 MP: 9/9
  5835 | D:6      | Noticed EnegeticOcto's ghost (novice DgTm)
  5865 | D:6      | Found a transporter.
  5905 | D:6      | Reached skill level 5 in Fighting
  6006 | D:6      | Found a transporter.
  6037 | D:6      | Found a staircase to the Ecumenical Temple.
  6229 | D:6      | Found a snail-covered altar of Cheibriados.
  6230 | D:6      | Found an ancient bone altar of Kikubaaqudgha.
  6836 | D:6      | Gained mutation: You have a pair of small horns on your
                  | head. [demonic ancestry]
  6836 | D:6      | Reached XP level 9. HP: 46/68 MP: 8/10
  6915 | D:7      | Noticed Dowan
  6915 | D:7      | Noticed Duvessa
  6940 | D:7      | Killed Duvessa
  6949 | D:7      | Killed Dowan
  7011 | D:7      | Identified the Grimoire of the Frigorific Mountains
  7528 | D:7      | Identified the +3 chain mail of Japhigy {Int+3 Dex+2}
  7696 | D:7      | Reached skill level 1 in Armour
  7740 | D:7      | Found a bloodstained altar of Trog.
  7836 | D:8      | Gained mutation: You occasionally shout uncontrollably at
                  | your foes. [Ru sacrifice]
  7879 | D:8      | Identified the +3 long sword "Systratye" {antimagic, rElec
                  | Will+ Int+4}
  8072 | D:8      | Reached skill level 1 in Evocations
  8213 | D:8      | Reached skill level 10 in Crossbows
  8675 | D:9      | Noticed an elephant
  8681 | D:8      | Gained mutation: Your demonic aura sometimes causes spilled
                  | blood to erupt in flames. [demonic ancestry]
  8681 | D:8      | Reached XP level 10. HP: 46/74 MP: 3/11
  8686 | D:8      | Reached skill level 1 in Long Blades
  8694 | D:8      | Killed an elephant
  8909 | D:9      | Found a staircase to the Lair.
  8925 | D:9      | Reached skill level 6 in Fighting
  8965 | D:9      | Found a hide-covered altar of Uskayaw.
  9360 | D:9      | Found Duonk's Assorted Antiques.
  9371 | D:9      | Bought a scroll labelled EPNEOSENGU for 30 gold pieces
  9371 | D:9      | Bought a scroll labelled YSKUYSEOJA for 30 gold pieces
  9371 | D:9      | Bought an orange potion for 27 gold pieces
  9371 | D:9      | Bought a scroll labelled UVIARI FASI for 30 gold pieces
  9371 | D:9      | Bought a scroll labelled COONWE KOINN for 30 gold pieces
  9423 | D:9      | Reached skill level 5 in Armour
  9439 | D:9      | Reached skill level 7 in Fighting
  9666 | D:10     | Entered Level 10 of the Dungeon
  9698 | D:10     | Gained mutation: You do not regenerate when monsters are
                  | visible. [potion of mutation]
  9698 | D:10     | Gained mutation: You have a somewhat thin skeletal
                  | structure. (Dex +2, Stealth+) [potion of mutation]
  9699 | D:10     | Lost mutation: You do not regenerate when monsters are
                  | visible. [potion of mutation]
  9699 | D:10     | Lost mutation: You have a somewhat thin skeletal structure.
                  | (Dex +2, Stealth+) [potion of mutation]
  9699 | D:10     | Gained mutation: You have an increased reservoir of magic.
                  | (+10% MP) [potion of mutation]
  9699 | D:10     | Gained mutation: Your mind is acute. (Int +2) [potion of
                  | mutation]
  9699 | D:10     | Gained mutation: You are frail. (-10% HP) [potion of
                  | mutation]
  9699 | D:10     | Gained mutation: You have a somewhat thin skeletal
                  | structure. (Dex +2, Stealth+) [potion of mutation]
  9831 | D:10     | Reached skill level 5 in Long Blades
  9853 | D:10     | Reached XP level 11. HP: 47/75 MP: 4/13
  9892 | D:10     | Found a shimmering altar of Xom.
  9950 | D:10     | Found Kith's Distillery.
  9966 | D:10     | Bought a potion of degeneration for 13 gold pieces
  9966 | D:10     | Bought a potion of brilliance for 52 gold pieces
  9966 | D:10     | Bought a potion of invisibility for 104 gold pieces
  9966 | D:10     | Bought a potion of might for 52 gold pieces
  9966 | D:10     | Bought a potion of mutation for 104 gold pieces
  9966 | D:10     | Lost mutation: You are frail. (-10% HP) [potion of
                  | mutation]
  9966 | D:10     | Lost mutation: You have a somewhat thin skeletal structure.
                  | (Dex +2, Stealth+) [potion of mutation]
  9966 | D:10     | Gained mutation: Your muscles are strong. (Str +2) [potion
                  | of mutation]
 10032 | D:10     | Found a staircase to the Orcish Mines.
 10297 | D:10     | Noticed a sun demon
 10428 | D:11     | Found a broken altar of Ashenzari.
 10999 | D:11     | Identified the +3 hand crossbow of Zujiun {flame, rElec
                  | rPois Stlth+}
 11758 | D:12     | Noticed a tengu warrior
 11772 | D:12     | Killed a tengu warrior
 11773 | D:12     | Reached skill level 10 in Long Blades
 12010 | D:12     | Noticed a four-headed hydra
 12014 | D:12     | Killed a four-headed hydra
 12030 | D:12     | Noticed an eight-headed hydra
 12110 | D:12     | Killed an eight-headed hydra
 12111 | D:12     | Reached XP level 12. HP: 46/91 MP: 9/14
 12369 | Lair:1   | Entered Level 1 of the Lair of Beasts
 12393 | Lair:1   | Reached skill level 5 in Shields
 12463 | Lair:1   | Noticed a seven-headed hydra
 12474 | Lair:1   | Killed a seven-headed hydra
 13509 | Lair:2   | Noticed a five-headed hydra
 13517 | Lair:2   | Killed a five-headed hydra
 13533 | Lair:2   | Found a staircase to the Swamp.
 13565 | Lair:2   | Found a hole to the Spider Nest.
 13901 | Lair:2   | Reached skill level 5 in Evocations
 14419 | Lair:2   | Identified the +4 scale mail of Jeoc {rN+ Int+4}
 14824 | Lair:3   | Reached XP level 13. HP: 93/96 MP: 5/15
 16425 | Lair:5   | Found a staircase to the Slime Pits.
 16950 | Lair:5   | You fall into a shaft and drop 1 floor!
 16950 | Lair:6   | Entered Level 6 of the Lair of Beasts
 17212 | Lair:6   | Identified a scroll of acquirement
 17213 | Lair:6   | Acquired the ring of Nairie {rC+ Will+ Str+6 Dex+4 SInv}
 17242 | Lair:6   | Noticed a dire elephant
 17325 | Lair:6   | Reached skill level 8 in Fighting
 18101 | Lair:6   | Reached skill level 10 in Shields
 18182 | Lair:6   | Reached XP level 14. HP: 98/106 MP: 5/17
 19102 | Lair:6   | Paralysed by a hornet for 1 turns
 19173 | Lair:6   | Reached skill level 9 in Fighting
 19767 | D:13     | Found a gate to the Vaults.
 19767 | D:13     | Noticed an ironbound preserver
 19832 | D:12     | Killed an ironbound preserver
 20481 | D:14     | Found a runed translucent door.
 20530 | D:14     | Found a runed translucent door.
 20567 | D:14     | Found a runed translucent door.
 20585 | D:14     | Found a runed translucent door.
 21376 | D:15     | Entered Level 15 of the Dungeon
 21383 | D:15     | Reached skill level 5 in Dodging
 21473 | D:15     | Reached skill level 10 in Fighting
 22122 | D:15     | Reached XP level 15. HP: 50/115 MP: 4/18
 22249 | D:15     | Found a staircase to the Depths.
 22763 | D:15     | Noticed Louise
 22774 | D:15     | Killed Louise
 22781 | D:15     | Gained mutation: You are clumsy. (Dex -2) [Ru sacrifice]
 22781 | D:15     | Reached ***** piety under Ru
 23435 | Orc:1    | Entered Level 1 of the Orcish Mines
 23537 | Orc:1    | Noticed Gastronok
 23586 | Orc:1    | Killed Gastronok
 23761 | Orc:1    | Noticed Jorgrun
 23791 | Orc:1    | Killed Jorgrun
 24111 | Orc:2    | Entered Level 2 of the Orcish Mines
 24118 | Orc:2    | Noticed Nessos
 24129 | Orc:2    | Killed Nessos
 24258 | Orc:2    | Found a staircase to the Elven Halls.
 24477 | Orc:2    | Gained mutation: You cannot be stealthy. [Ru sacrifice]
 24618 | Orc:2    | Found Vuhaschul's Book Shoppe.
 25009 | Orc:2    | Found Ybez's Magic Scroll Shoppe.
 25014 | Orc:2    | Found Feffiaciepa's General Store.
 25048 | Orc:2    | Reached skill level 11 in Fighting
 25165 | Orc:2    | Bought a scroll of enchant weapon for 112 gold pieces
 25167 | Orc:2    | Bought a potion of haste for 120 gold pieces
 25626 | Orc:2    | Found Acukakaoh's Jewellery Boutique.
 25626 | Orc:2    | Found Aphar's Antique Weapon Shop.
 25627 | Orc:2    | Found a one-way gate leading to the halls of Pandemonium.
 25832 | Spider:1 | Entered Level 1 of the Spider Nest
 26718 | Spider:1 | Gained mutation: Your demonic aura often causes spilled
                  | blood to erupt in flames. [demonic ancestry]
 26718 | Spider:1 | Reached XP level 16. HP: 125/125 MP: 7/22
 27144 | Spider:2 | Reached skill level 15 in Long Blades
 28679 | Spider:3 | Noticed Bai Suzhen
 28707 | Spider:3 | Killed Bai Suzhen
 28708 | Spider:3 | Reached skill level 5 in Spellcasting
 28936 | Spider:3 | Acquired a manual of Spellcasting
 29656 | Spider:4 | Entered Level 4 of the Spider Nest
 31048 | Spider:4 | Gained mutation: You have a pair of horns on your head.
                  | [demonic ancestry]
 31048 | Spider:4 | Reached XP level 17. HP: 84/131 MP: 9/31
 31122 | Spider:4 | Got a gossamer rune of Zot
 31575 | Swamp:1  | Entered Level 1 of the Swamp
 31776 | Swamp:1  | Identified the +4 long sword "Wyth" {flame, *Corrode rN+++
                  | Will++}
 32035 | Swamp:1  | Reached skill level 12 in Fighting
 32619 | Swamp:2  | Found a runed translucent gate.
 32619 | Swamp:2  | Found a runed translucent gate.
 32619 | Swamp:2  | Found a runed translucent gate.
 32620 | Swamp:2  | Noticed Esiutuon's ghost (adept DECj)
 32854 | Swamp:2  | You fall into a shaft and drop 1 floor!
 33580 | Swamp:3  | Found a runed translucent door.
 33589 | Swamp:3  | Reached skill level 13 in Fighting
 33599 | Swamp:3  | Identified the +1 trident of Xual {flame, rElec rPois}
 33603 | Swamp:3  | Noticed kuniqs's ghost (adept DsCj)
 33655 | Swamp:3  | Gained mutation: You are slightly weak-willed. (Will-) [Ru
                  | sacrifice]
 33655 | Swamp:3  | Reached ****** piety under Ru
 34839 | Swamp:3  | Killed kuniqs's ghost
 34929 | Swamp:4  | Entered Level 4 of the Swamp
 35426 | Swamp:3  | Gained mutation: You are mostly covered in slimy green
                  | scales. (AC +3) [demonic ancestry]
 35426 | Swamp:3  | Reached XP level 18. HP: 145/145 MP: 34/34
 35719 | Swamp:4  | Reached skill level 14 in Fighting
 36305 | Swamp:4  | Got a decaying rune of Zot
 36418 | Swamp:4  | Noticed a bone dragon
 36445 | Swamp:4  | Killed a bone dragon
 36895 | Vaults:1 | Entered Level 1 of the Vaults
 37024 | Vaults:1 | Reached skill level 15 in Shields
 37616 | Vaults:1 | Reached skill level 15 in Fighting
 37812 | Vaults:1 | Reached skill level 10 in Spellcasting
 37969 | Vaults:1 | Found Mocax's Weapon Emporium.
 39029 | Vaults:2 | Reached skill level 16 in Fighting
 39050 | Vaults:2 | Gained mutation: You have a pair of large horns on your
                  | head. [demonic ancestry]
 39050 | Vaults:2 | Reached XP level 19. HP: 119/157 MP: 38/38
 39417 | Vaults:2 | Slain by an ironbound preserver

Illustrated notes

Levels and vault maps discovered:
D:1:      shiori_arrival_whats_in_store_for_you, layout_loops_corners,
          basic_ecumenical_altar
D:2:      minmay_roachtagon, layout_loops_corners
D:3:      layout_basic
D:4:      due_chaos_kobolds, layout_layer_cave, mrwooster_statue_mirror
D:5:      layout_loops_ring, nicolae_dithmenos_the_darkroom, kennysheep_dice
D:6:      layout_basic, fedhas_altar_2, grunt_temple_overflow_open,
          minmay_temple_entry_slanted, gammafunk_ghost_mausoleum,
          chequers_mini_garden, uniq_prince_ribbit1
D:7:      layout_basic, lemuel_round_altar, uniq_duvessa
D:8:      layout_loops_cross, special_room [special_room_orc]
D:9:      layout_long_grid, marbit_many_paths, david_lair_generic, serial_shops,
          nicolae_stop_n_shop_2, grunt_ministairs_12
D:10:     layout_roguey, lemuel_round_altar, orc_0_dummy, serial_shops,
          nicolae_square_shop
D:11:     layout_long_grid, minmay_misc_feat_tiny, ashenzari_altar_1
D:12:     layout_roguey
D:13:     layout_long_grid, skrybe_vaults_entry_preservation
D:14:     layout_long_grid, chequers_serial_rivers_small_b,
          minmay_statue_crystal_thing
D:15:     gammafunk_depths_entry_grave, layout_stronghold, patterned_corridor,
          uniq_louise
Lair:1:   layout_chaotic_city
Lair:2:   layout_small_grid, swamp_mist_pool, nicolae_spider_entry_orb_guardian
Lair:3:   layout_roguey, serial_bayou_shore_b
Lair:4:   layout_hall_layers, serial_bayou, serial_bayou_shore_a,
          serial_bayou_pond_e, serial_bayou_lagoon_b, serial_bayou_pond_d,
          serial_bayou_crossing
Lair:5:   layout_cave_shapes, dpeg_slime_entry_enclosed_altar,
          lemuel_fruit_fields
Lair:6:   minmay_lair_end_enchanted_forest, layout_layer_cave,
          infiniplex_staircase_pool
Swamp:1:  layout_falls_marsh, hangedman_swamp_pad, swamp_pool1,
          nicolae_swamp_round_clearing, cheibrodos_swamp_witchery
Swamp:2:  layout_basic_swamp, gammafunk_ghost_hydra_chop, nicolae_swamp_oxbows,
          swamp_pool3, infiniplex_staircase_pool_2
Swamp:3:  cheibrodos_swamp_mausoleum, layout_basic_swamp,
          ebering_ghost_funeral_grove, hangedman_swamp_ruin_wall
Swamp:4:  swamp_pestilence, layout_basic_swamp, swamp_pool4
Spider:1: layout_spider_delve
Spider:2: layout_spider_delve
Spider:3: layout_spider_delve, hangedman_stitches_earthworm,
          nicolae_spider_cling_halls, uniq_bai_suzhen
Spider:4: grunt_spider_rune_circles
Orc:1:    layout_caves, uniq_gastronok, uniq_jorgrun
Orc:2:    pf_orc_diabolical, layout_caves, serial_shops,
          nicolae_shop_statue_plus, special_room, uniq_nessos
Vaults:1: nicolae_vaults_circle_grid_a, ontoclasm_vaults_bender, v_misc_12,
          nicolae_vaults_fighting_squares, v_pattern_4, hangedman_vaults_trim,
          vaults_room_door_ring, vaults_mumra_hexcomb,
          layout_vaults_chaotic_city, serial_shops, nicolae_square_shop
Vaults:2: gammafunk_vaults_ghost_cemetery, nicolae_vaults_disjoint_gnomons,
          v_alt_pattern_2, hangedman_vaults_corner,
          nicolae_vaults_windows_and_doors_thing,
          nicolae_vaults_big_angled_halls, nicolae_vaults_mini_display_case,
          vaults_dpeg_cross, hangedman_vaults_trim, serial_ice_h,
          vaults_dpeg_diagonal, ontoclasm_vaults_fault, v_misc_15, v_misc_14,
          layout_vaults_omnibox, serial_shops, shop, uniq_aizul

Skill      XL: |  1  2  3  4  5  6  7  8  9 10 11 12 13 14 15 16 17 18 |
---------------+-------------------------------------------------------+-----
Crossbows      | 2 3 4 5 6 8 10 12 | 12.0
Dodging        | 2 5 6 |  6.0
Short Blades   | 1 2 4 |  4.0
Fighting       | 2 3 4 5 7 8 10 11 13 16 | 16.7
Shields        | 2 4 8 10 11 12 14 15 | 15.0
Armour         | 3 5 6 |  6.0
Evocations     | 2 3 5 6 |  6.0
Long Blades    | 5 10 12 13 14 15 | 15.8
Spellcasting   | 2 7 9 12 | 12.0
Hexes          | |  3.0

Action                   |  1- 3 |  4- 6 |  7- 9 | 10-12 | 13-15 | 16-18 | 19-21 || total
-------------------------+-------+-------+-------+-------+-------+-------+-------++-------
Melee: Spear             |    25 |       |       |       |       |       |       ||    25
       Dagger            |   102 |   166 |   582 |       |       |       |       ||   850
       Headbutt          |       |       |    70 |   134 |   468 |   711 |    32 ||  1415
       Long sword        |       |       |     8 |   477 |  1423 |  2195 |    90 ||  4193
 Fire: Hand crossbow     |    35 |    22 |     4 |   103 |   233 |    93 |       ||   490
Throw: Dart              |       |       |       |       |     2 |       |       ||     2
       Throwing net      |       |       |       |       |     1 |       |       ||     1
Invok: Sacrifice Words   |     1 |       |       |       |       |       |       ||     1
       Sacrifice Arcana  |       |     1 |       |       |       |       |       ||     1
       Sacrifice Love    |       |       |     1 |       |       |       |       ||     1
       Sacrifice Purity  |       |       |     1 |       |     1 |       |       ||     2
       Reject Sacrifices |       |       |       |     1 |     2 |       |       ||     3
       Sacrifice Stealth |       |       |       |       |     1 |       |       ||     1
       Apocalypse        |       |       |       |       |       |     1 |       ||     1
       Sacrifice Essence |       |       |       |       |       |     1 |       ||     1
Evoke: Wand              |       |       |     5 |     9 |     6 |    10 |       ||    30
       Tin of tremorston |       |       |       |       |     6 |     2 |       ||     8
  Use: Scroll            |       |       |     4 |     9 |    16 |     4 |       ||    33
       Potion            |       |       |       |     7 |     3 |     8 |       ||    18
 Stab: Invisible         |       |       |     3 |     7 |    13 |    25 |       ||    48
       Distracted        |       |       |     2 |     3 |     9 |    14 |     1 ||    29
       Paralysed         |       |       |     2 |       |     5 |    43 |       ||    50
       Petrifying        |       |       |       |       |     2 |       |       ||     2
Armor: Robe              |    14 |       |       |       |       |       |       ||    14
       Ring mail         |    69 |    58 |   172 |       |       |       |       ||   299
       Chain mail        |       |       |    49 |   306 |   579 |  1135 |    35 ||  2104
Dodge: Dodged            |    98 |    68 |   226 |   245 |   392 |   486 |    36 ||  1551
       Repelled          |       |       |       |       |       |     1 |       ||     1
Block: Buckler           |       |     3 |   105 |   111 |       |       |       ||   219
       Kite shield       |       |       |       |   117 |   507 |       |    32 ||   656
       Tower shield      |       |       |       |       |   736 |  2298 |    67 ||  3101
       Rpst.: Long sword |       |       |     4 |    56 |    94 |    80 |     6 ||   240

Table legend: (Time is in decaauts)
 A = Elapsed time spent in this place.
 B = Non-inter-level travel time spent in this place.
 C = Inter-level travel time spent in this place.
 D = Time resting spent in this place.
 E = Time spent auto-exploring this place.
 F = Levels seen in this place.
 G = Mean time per level.
                   A        B        C        D        E       F      G
               +--------+--------+--------+--------+--------+-----+--------+
         Total |  39757 |  37635 |   2122 |   6038 |  20392 |  33 | 1204.8 |
       Dungeon |  16511 |  15217 |   1294 |   1992 |   9366 |  15 | 1100.7 |
          Lair |   7601 |   7172 |    429 |    985 |   4341 |   6 | 1266.8 |
         Swamp |   5496 |   5366 |    130 |   1105 |   2399 |   4 | 1374.0 |
   Spider Nest |   5476 |   5306 |    170 |   1054 |   2102 |   4 | 1369.0 |
  Orcish Mines |   2195 |   2154 |     41 |    345 |   1024 |   2 | 1097.5 |
        Vaults |   2476 |   2420 |     56 |    555 |   1158 |   2 | 1238.0 |
               +--------+--------+--------+--------+--------+-----+--------+

Top non-repeatable levels by time:
 Swamp:3: 2321 daAuts
  Lair:6: 1961 daAuts
Vaults:1: 1918 daAuts
  Lair:2: 1766 daAuts
    D:15: 1740 daAuts
     D:1: 1680 daAuts
Spider:4: 1655 daAuts
Spider:3: 1592 daAuts
   Orc:2: 1587 daAuts
Spider:2: 1503 daAuts
 Swamp:4: 1282 daAuts
  Lair:3: 1175 daAuts
  Lair:5: 1175 daAuts
    D:14: 1147 daAuts
     D:6: 1135 daAuts
